 Dungeon Crawl Stone Soup version 0.30-a0-845-g7c6808c8ce (webtiles) character file.

Game seed: 1462376010295608871

75 avis the Shooter (level 3, 0/31 HPs)
             Began as a Demigod Hunter on Mar 3, 2023.
             Slain by a water moccasin (8 damage)
             ... on level 6 of the Dungeon.
             The game lasted 00:08:34 (1924 turns).

avis the Shooter (Demigod Hunter)                   Turns: 1924, Time: 00:08:34

Health: 0/31       AC:  9    Str: 12    XL:     3   Next: 88%
Magic:  5/5        EV: 12    Int: 11    God:
Gold:   85         SH:  0    Dex: 21    Spells: 2/2 levels left

rFire   . . .      SeeInvis .    a - +0 shortbow
rCold   . . .      Faith    .    (shield currently unavailable)
rNeg    . . .      Spirit   .    c - +0 leather armour
rPois   .          Reflect  .    j - +0 helmet
rElec   .          Rampage  .    (no cloak)
rCorr   .                        h - +0 pair of gloves
Will    .....                    (no boots)
Stlth   ++                       (no amulet)
HPRegen 0.25/turn                k - +4 ring of protection
MPRegen 0.09/turn                (no ring)

@: no status effects
A: high MP 1, forlorn, divine attributes
a: no special abilities


You were on level 6 of the Dungeon.
You visited 1 branch of the dungeon, and saw 4 of its levels.

You collected 85 gold pieces.

Inventory:

Hand Weapons
 a - a +0 shortbow (weapon)
 b - a +0 falchion
 g - a +0 sling
Armour
 c - a +0 leather armour (worn)
 h - a +0 pair of gloves (worn)
 j - a +0 helmet (worn)
 r - a +0 hat
 s - a +0 ring mail of poison resistance
Magical Staves
 p - a staff of earth
Jewellery
 k - a +4 ring of protection (left hand)
Scrolls
 e - a scroll of immolation
 n - 2 scrolls of blinking {unknown}
 o - a scroll of noise {unknown}
 q - 2 scrolls of teleportation {unknown}
 t - a scroll of poison {unknown}
Potions
 d - 2 potions of curing {unknown}
 f - a potion of heal wounds {unknown}
 i - a potion of might {unknown}
 l - a potion of degeneration {unknown}
 m - a potion of haste {unknown}


   Skills:
 - Level 3.0 Fighting
 * Level 4.4 Ranged Weapons
 - Level 2.0 Dodging
 - Level 1.0 Stealth


You had 2 spell levels left.
You didn't know any spells.
Your spell library contained the following spells:

 Spells                   Type           Power      Damage    Failure   Level
 Apportation              Tloc           0%         N/A       41%         1
 Alistair's Intoxication  Tmut/Pois      0%         N/A       100%        5


Dungeon Overview and Level Annotations

Branches:
Dungeon (3/15)

Annotations:
D:3 Sigmund


Innate Abilities, Weirdness & Mutations

You have an increased reservoir of magic. (+10% MP)
You shall have no god before yourself.
Your divine heritage dramatically boosts your attributes as you level up.


Message History

Aim: a water moccasin (severely wounded, 50% to hit)
You shoot an arrow.
The arrow hits the water moccasin but does no damage.
The water moccasin is severely wounded.
You feel sick. The water moccasin barely misses you.
Fire: a) +0 shortbow
Press: ? - help, Q - select action Shift-Dir - straight line, f/p - water moccasin
Aim: a water moccasin (severely wounded, 50% to hit)
You shoot an arrow.
The arrow barely misses the water moccasin.
You feel sick. The water moccasin barely misses you.
The water moccasin bites you but does no damage.
Fire: a) +0 shortbow
Press: ? - help, Q - select action Shift-Dir - straight line, f/p - water moccasin
Aim: a water moccasin (severely wounded, 50% to hit)
You shoot an arrow. The arrow misses the water moccasin.
You feel sick. The water moccasin barely misses you.
The water moccasin bites you but does no damage.
Fire: a) +0 shortbow
Press: ? - help, Q - select action Shift-Dir - straight line, f/p - water moccasin
Aim: a water moccasin (severely wounded, 50% to hit)
You shoot an arrow.
The arrow closely misses the water moccasin.
You feel sick.
You are no longer poisoned.
The water moccasin bites you. The water moccasin barely misses you.
Fire: a) +0 shortbow
Press: ? - help, Q - select action Shift-Dir - straight line, f/p - water moccasin
Aim: a water moccasin (severely wounded, 50% to hit)
You shoot an arrow.
The arrow closely misses the water moccasin.
The water moccasin bites you. x2
* * * LOW HITPOINT WARNING * * *
Fire: a) +0 shortbow
Press: ? - help, Q - select action Shift-Dir - straight line, f/p - water moccasin
Aim: a water moccasin (severely wounded, 50% to hit)
You shoot an arrow.
The arrow closely misses the water moccasin.
The water moccasin bites you!
You die...

.# #.# #.# #.# #######.#
#.....#.# #.###.#.###
#@........########
......S..##.#.#.........
.........##....#########
........###.....#
......#........##
#...#########.## #...
#.# ##. #.# #+#


You could see a water moccasin.

Vanquished Creatures
  2 adders
  A worm (D:2)
  A dart slug (D:1)
  3 endoplasms (D:1)
  A giant cockroach (D:1)
  4 goblins
  8 hobgoblins
  6 kobolds
  2 quokkas
  3 ball pythons
  7 bats
  2 frilled lizards
  7 rats
47 creatures vanquished.

Notes
Turn   | Place    | Note
-------+----------+-------------------------------------------
     0 | D:1      | avis the Demigod Hunter began the quest for the Orb.
     0 | D:1      | Reached XP level 1. HP: 17/17 MP: 3/3
   252 | D:1      | Reached skill level 4 in Ranged Weapons
   259 | D:1      | Reached XP level 2. HP: 15/24 MP: 4/4
   367 | D:1      | Reached skill level 1 in Stealth
   739 | D:1      | Reached XP level 3. HP: 30/30 MP: 5/5
  1639 | D:3      | Noticed Sigmund
  1855 | D:3      | You fall into a shaft and drop 3 floors!
  1906 | D:6      | Noticed a water moccasin
  1924 | D:6      | Slain by a water moccasin

Illustrated notes

Levels and vault maps discovered:
D:1:      shiori_arrival_oz, layout_loops_cross, minmay_cut_off
D:2:      layout_basic
D:3:      cheibrodos_pilgrimage, layout_basic, nicolae_vehumet_radiance,
          uniq_sigmund
D:6:      layout_loops_corners, minmay_manual_macuahuitl

Skill      XL: |  1  2  3 |
---------------+----------+-----
Fighting       | 2 3 |  3.0
Ranged Weapons | 4 |  4.4
Dodging        | 2 |  2.0
Stealth        | 1 |  1.0

Action                     || total
---------------------------++-------
   Fire: Shortbow          ||   138
 Armour: Leather armour    ||    33
  Dodge: Dodged            ||    59

Table legend: (Time is in decaauts)
 A = Elapsed time spent in this place.
 B = Non-inter-level travel time spent in this place.
 C = Inter-level travel time spent in this place.
 D = Time resting spent in this place.
 E = Time spent auto-exploring this place.
 F = Levels seen in this place.
 G = Mean time per level.
                   A        B        C        D        E       F      G
               +--------+--------+--------+--------+--------+-----+--------+
         Total |   1968 |   1606 |    362 |    114 |    966 |   4 |  492.0 |
       Dungeon |   1968 |   1606 |    362 |    114 |    966 |   4 |  492.0 |
               +--------+--------+--------+--------+--------+-----+--------+

Top non-repeatable levels by time:
     D:1: 1006 daAuts
     D:2: 785 daAuts
     D:3: 102 daAuts
     D:6: 73 daAuts
